 Dungeon Crawl Stone Soup version 0.17-a0-1115-g0372368 (console) character file.

100 Monkaria the Skirmisher (level 4, -2/38 HPs)
             Began as a Demonspawn Chaos Knight on May 23, 2015.
             Slain by Mulkerokala's ghost (10 damage)
             ... on level 3 of the Dungeon.
             The game lasted 00:01:52 (1363 turns).

Monkaria the Skirmisher (Demonspawn Chaos Knight)   Turns: 1363, Time: 00:01:52

Health: -2/38      AC:  5    Str: 13    XL:     4   Next: 46%
Magic:  4/4        EV: 13    Int: 14    God:    Xom [*.....]
Gold:   132        SH:  0    Dex: 12    Spells: 0 memorised, 3 levels left

rFire  . . .     SeeInvis .     a - +0 falchion (chaos)
rCold  . . .     Clarity  .     b - +2 leather armour
rNeg   . . .     SustAt   .     (no shield)
rPois  .         Gourm    .     (helmet restricted)
rElec  .         Spirit   .     (no cloak)
rCorr  .         Warding  .     (no gloves)
rMut   .         Stasis   .     (no boots)
MR     .....                    (no amulet)
Stlth  +.........               (no ring)
                                (no ring)

@: not resistant to hostile enchantments, very unstealthy
A: antennae 1, repulsion field 1
a: Renounce Religion


You were on level 3 of the Dungeon.
You worshipped Xom.
You were a special plaything of Xom.
You were very hungry.

You visited 1 branch of the dungeon, and saw 3 of its levels.

You collected 132 gold pieces.

Inventory:

Hand weapons
 a - a +0 falchion of chaos (weapon)
 m - a +0 blowgun
Missiles
 l - 29 poisoned needles
Armour
 b - a +2 leather armour (worn)
Scrolls
 h - 4 scrolls of identify {unknown}
 j - 2 scrolls of blinking {unknown}
Potions
 e - 2 potions of might {unknown}
 f - a potion of degeneration {unknown}
 n - a potion of flight {unknown}
Comestibles
 c - 2 bread rations
 d - 3 fruits
 g - 2 meat rations
 i - a slice of pizza


   Skills:
 - Level 4.3 Fighting
 + Level 3.8 Long Blades
 - Level 1.7 Armour
 - Level 0.8 Dodging


You had 3 spell levels left.
You didn't know any spells.

Dungeon Overview and Level Annotations

Branches:
Dungeon (3/15)

Altars:
Gozag
Kikubaaqudgha

Annotations:
D:3 Mulkerokala's ghost, average GrFi


Innate Abilities, Weirdness & Mutations

You have a pair of small antennae on your head.
You are surrounded by a mild repulsion field (EV +2).


Message History

Mulkerokala's ghost closely misses you.
Mulkerokala's ghost barely misses you. x2
Mulkerokala's ghost hits you!
Mulkerokala's ghost hits you but does no damage.
A worker ant and a goblin come into view.
The goblin shouts!
The goblin unwields an uncursed club.
The goblin wields a hunting sling.
The goblin shoots a stone.
The stone hits you but does no damage.
A goblin comes into view. It is wielding a dagger.
You see here a stone.
The goblin shouts!
Mulkerokala's ghost hits you!
* * * LOW HITPOINT WARNING * * *
Found a gold piece and an inky potion.
A bat comes into view.
The worker ant bites you but does no damage.
Mulkerokala's ghost boasts, "I have defeated monsters you have never seen."
Mulkerokala's ghost hits you!
You die...
Xom is highly amused!

∆ ###...###..#...<..##
.. .....##.......(..##
#.g#b...#..#.(...†.##.
##....g#... #..........
#....#.#..###..#.......
##....#....##...........
#.......#.##............
#....##a..(..##.#.......
#......@W.K.....#...)...
#.$...!..>....#.#.......
..!.#.....#.....#.......
.#. ####....#...#.......
# #....÷#..........
....##...........##
.#####.###....#.... #.#
#......### ∆ #.
#....#..<.


You could see a worker ant, Mulkerokala's ghost, 2 goblins, a bat and a kobold.

Vanquished Creatures
  Jessica (D:2)
  Terence (D:2)
  3 adders
  An orc (D:3)
  A giant cockroach (D:2)
  3 hobgoblins
  3 kobolds
  2 bats (D:3)
  A giant newt (D:2)
  2 goblins
  7 rats
25 creatures vanquished.

Notes
Turn   | Place    | Note
--------------------------------------------------------------
     0 | D:1      | Monkaria the Demonspawn Chaos Knight began the quest for the Orb.
     0 | D:1      | Reached XP level 1. HP: 18/18 MP: 1/1
    45 | D:1      | You fall through a shaft!
   141 | D:2      | XOM: divination: detect items
   172 | D:2      | Found an opulent altar of Gozag.
   205 | D:2      | Found an ancient bone altar of Kikubaaqudgha.
   221 | D:2      | Gained mutation: You have a pair of small antennae on your head. [demonic ancestry]
   221 | D:2      | Reached XP level 2. HP: 22/24 MP: 2/2
   301 | D:2      | Noticed Terence
   305 | D:2      | Killed Terence
   305 | D:2      | Reached skill level 4 in Fighting
   305 | D:2      | Gained mutation: You are surrounded by a mild repulsion field (EV +2). [demonic ancestry]
   305 | D:2      | Reached XP level 3. HP: 28/31 MP: 3/3
   503 | D:2      | Noticed Jessica
   507 | D:2      | Killed Jessica
   507 | D:2      | Reached XP level 4. HP: 38/38 MP: 4/4
   867 | D:3      | XOM: divination: magic mapping
   982 | D:3      | Noticed Mulkerokala's ghost (average GrFi)
   982 | D:3      | XOM: silly message
   985 | D:3      | XOM: confusion (+ monsters)
  1001 | D:3      | XOM: summons 3 friendly demons
  1203 | D:2      | XOM: harmless Trmt miscast
  1292 | D:2      | XOM: cast spell 'Summon Butterflies'
  1339 | D:3      | XOM: chaos cloud
  1355 | D:3      | XOM: blink monster(s)
  1356 | D:3      | XOM: divination: detect items
  1363 | D:3      | Slain by Mulkerokala's ghost

Vault maps used:
D:1:      erik_arrival_gehennom, bh_walls_and_bars
D:2:      old_standard_altar, overflow_temple_1_default, uniq_jessica,
          uniq_terence
D:3:      first_bread, minmay_vboxes

Action                   |  1- 3 |  4- 6 || total
-------------------------+-------+-------++-------
Melee: Falchion          |    37 |    36 ||    73
 Stab: Paralysed         |     2 |       ||     2
       Confused          |       |     1 ||     1
